AoeStats
← Pierretto

Arabia

504178490Analyzed
1v1 RM · 26d ago on Sep 4, 2026· 69m 30s· 2 players
Game mode
Random Map
Map size
Tiny (2 player)
Population
200
Speed
Normal
Resources
Standard
Victory
Conquest
Starting age
Dark Age
Ending age
Imperial Age
RankedLock teamsTeams togetherTeam positionsShared explorationLock speedFull tech treeHidden civsTurbo modeCheats
Victory
Defeat
🇨🇭 Tatars · Switzerland
1339
+15
🇦🇷 Tatars · Argentina
1318
-15
JohnCena6
6:21 Loom
8:43 Feudal Age
9:31 Double-Bit Axe
16:21 Horse Collar
17:58 Fletching
20:31 Castle Age
19:29 Gold Mining
20:01 Bloodlines
20:51 Padded Archer Armor
21:09 Bodkin Arrow
22:10 Husbandry
27:50 Town Watch
28:43 Ballistics
32:16 Leather Archer Armor
34:03 Bow Saw
34:36 Wheelbarrow
38:41 Imperial Age
37:50 Hand Cart
39:25 Bracer
40:00 Scale Barding Armor
41:22 Chemistry
42:31 Ring Archer Armor
42:00 Light Cavalry
43:08 Conscription
44:36 Heavy Cavalry Archer
45:50 Bow Saw
45:42 Heavy Plow
47:13 Forging
50:40 Hussar
51:59 Chain Barding Armor
51:47 Silk Armor
53:38 Plate Barding Armor
55:10 Murder Holes
56:08 Town Patrol
56:50 Capped Ram
58:06 Siege Ram
60:59 Iron Casting
61:33 Timurid Siegecraft
62:15 Elite Skirmisher
68:17 Blast Furnace
Pierretto
7:08 Loom
9:30 Feudal Age
9:58 Double-Bit Axe
12:10 Wheelbarrow
14:47 Gold Mining
19:28 Castle Age
18:31 Fletching
20:06 Bodkin Arrow
20:24 Bloodlines
21:20 Padded Archer Armor
21:28 Husbandry
24:08 Padded Archer Armor
34:56 Leather Archer Armor
35:05 Ballistics
35:55 Silk Armor
43:42 Imperial Age
44:25 Bracer
44:56 Ring Archer Armor
45:28 Chemistry
44:30 Heavy Cavalry Archer
45:42 Ring Archer Armor
46:32 Conscription
48:51 Light Cavalry
49:37 Scale Barding Armor
51:27 Forging
52:36 Chain Barding Armor
52:31 Hussar
54:17 Plate Barding Armor
Connection lost

Rejoining the realm…

Still unreachable

The connection could not be restored.

Session expired

The server has moved on; the page needs a fresh start.